IL
BUFFALO BISONS @ NORFOLK TIDES
09/12/2068
 
TOP OF THE 1ST
Buffalo Bisons batting - Pitching for Norfolk Tides : LHP C.J. Allison
Pitching: LHP C.J. Allison
Batting: LHB Ben Allen 0-0: Swinging Strike
0-1: Called Strike
0-2: Strikes out swinging
Batting: SHB Justin Sears 0-0: Called Strike
0-1: Ball
1-1: Foul Ball, location: 2F
1-2: Foul Ball, location: 2F
1-2: Fly out, F8 (Flyball, 8RM, EV 85.0 MPH)
Batting: LHB Don Dryden 0-0: Foul Ball, location: 2F
0-1: Ground out U3 (Groundball, 3, EV 88.1 MPH)
Top of the 1st over - 0 runs, 0 hits, 0 errors, 0 left on base; Buffalo 0 - Norfolk 0
BOTTOM OF THE 1ST
Norfolk Tides batting - Pitching for Buffalo Bisons : LHP Stephen Tomlin
Pitching: LHP Stephen Tomlin
Batting: RHB Fernando Cruz 0-0: Called Strike
0-1: Ball
1-1: Ball
2-1: Ball
3-1: SINGLE (Line Drive, 56D, EV 98.8 MPH)
Batting: LHB Nate Sadler 0-0: Ball
1-0: Ball
2-0: Called Strike
2-1: Grounds out, U3 (Groundball, 3L, EV 106.9 MPH)
Batting: RHB Jofet Granadeiro 0-0: Ball
1-0: Ball
2-0: Called Strike
2-1: Called Strike
2-2: Strikes out looking
Batting: RHB Tyler LeGault 0-0: Ball
1-0: Called Strike
1-1: Ball
2-1: DOUBLE (Groundball, 5L, EV 105.0 MPH)
Fernando Cruz scores
Batting: RHB Brad Thompson 0-0: Ball
1-0: Ground out U3 (Groundball, 34, EV 109.4 MPH)
Bottom of the 1st over - 1 run, 2 hits, 0 errors, 1 left on base; Buffalo 0 - Norfolk 1
TOP OF THE 2ND
Buffalo Bisons batting - Pitching for Norfolk Tides : LHP C.J. Allison
Batting: LHB Stefan Garland 0-0: Ball
1-0: Called Strike
1-1: Hit by Pitch
Batting: RHB Danny Alegria 0-0: Called Strike
0-1: Ball
1-1: Ball
2-1: SINGLE (Line Drive, 56, EV 98.1 MPH)
Stefan Garland to second
Batting: RHB Donald Neve 0-0: Ball
1-0: Foul Ball, location: 2F
1-1: Foul Ball, location: 2F
1-2: Ball
2-2: Strikes out swinging
Batting: RHB Arturo Arce 0-0: Called Strike
0-1: Ball
1-1: Ball
2-1: Foul Ball, location: 2F
2-2: Ball
3-2: Foul Ball, location: 2F
3-2: Foul Ball, location: 2F
3-2: Foul Ball, location: 2F
3-2: Reached via error on a dropped throw from P, E4 (Groundball, P, EV 73.1 MPH)
Stefan Garland to third
Danny Alegria to second
Pinch Hitting: RHB Alex Gonzalez 0-0: Called Strike
0-1: Ball
1-1: Swinging Strike
1-2: Foul Ball, location: 2F
1-2: Foul Ball, location: 2F
1-2: Strikes out looking
Batting: RHB Mitch Ceballos 0-0: Ball
1-0: Called Strike
1-1: Ball
2-1: Foul Ball, location: 2F
2-2: Foul Ball, location: 2F
2-2: Foul Ball, location: 2F
2-2: DOUBLE (Line Drive, 78D, EV 111.9 MPH)
Stefan Garland scores
Danny Alegria scores
Arturo Arce to third
Batting: LHB Ben Allen 0-0: Ball
1-0: DOUBLE (Line Drive, 9LM, EV 103.1 MPH)
Arturo Arce scores
Mitch Ceballos scores
Batting: SHB Justin Sears 0-0: Ball
1-0: Swinging Strike
1-1: Called Strike
1-2: Foul Ball, location: 2F
1-2: DOUBLE (Line Drive, 89D, EV 108.8 MPH)
Ben Allen scores
Batting: LHB Don Dryden 0-0: Called Strike
0-1: Ball
1-1: Ball
2-1: Fly out, F3 (Popup, 34, EV 78.8 MPH)
Top of the 2nd over - 5 runs, 4 hits, 1 error, 1 left on base; Buffalo 5 - Norfolk 1
BOTTOM OF THE 2ND
Norfolk Tides batting - Pitching for Buffalo Bisons : LHP Stephen Tomlin
Now in CF: Abdul Hafeez Gichki
Batting: LHB Pete Polk 0-0: Called Strike
0-1: Ground out 6-3 (Groundball, 6, EV 108.1 MPH)
Batting: RHB Alex Montes 0-0: Ball
1-0: Foul Ball, location: 2F
1-1: Swinging Strike
1-2: Ball
2-2: Foul Ball, location: 2F
2-2: Foul Ball, location: 2F
2-2: SINGLE (Line Drive, 89S, EV 100.0 MPH)
Batting: SHB Elias Rangel 0-0: Ball
1-0: Swinging Strike
1-1: Ball
2-1: Fly out, F5 (Popup, 5F, EV 65.0 MPH)
Batting: LHB Eric Phillips 0-0: Ball
1-0: Fielders Choice at 2nd, 6-4 (Groundball, 6, EV 87.5 MPH)
Bottom of the 2nd over - 0 runs, 1 hit, 0 errors, 1 left on base; Buffalo 5 - Norfolk 1
TOP OF THE 3RD
Buffalo Bisons batting - Pitching for Norfolk Tides : LHP C.J. Allison
Batting: LHB Stefan Garland 0-0: Ball
1-0: Foul Ball, location: 2F
1-1: Fly out, F4 (Flyball, 34D, EV 71.9 MPH)
Batting: RHB Danny Alegria 0-0: Ball
1-0: Foul Ball, location: 2F
1-1: Ball
2-1: Ball
3-1: Called Strike
3-2: Strikes out swinging
Batting: RHB Donald Neve 0-0: Foul Ball, location: 2F
0-1: Swinging Strike
0-2: Foul Ball, location: 2F
0-2: Strikes out swinging
Top of the 3rd over - 0 runs, 0 hits, 0 errors, 0 left on base; Buffalo 5 - Norfolk 1
BOTTOM OF THE 3RD
Norfolk Tides batting - Pitching for Buffalo Bisons : LHP Stephen Tomlin
Batting: RHB Fernando Cruz 0-0: Called Strike
0-1: Ball
1-1: Ball
2-1: SINGLE (Line Drive, 78S, EV 100.0 MPH)
Batting: LHB Nate Sadler 0-0: Ball
1-0: Foul Ball, location: 2F
1-1: Called Strike
1-2: Ball
2-2: Ball
3-2: Fly out, F9 (Flyball, 9, EV 81.2 MPH)
Batting: RHB Jofet Granadeiro 0-0: Called Strike
0-1: Ball
1-1: Ball
2-1: Swinging Strike
2-2: SINGLE (Groundball, 4D, EV 98.8 MPH)
Fernando Cruz to second
Runner from 2nd tries for 3rd, SAFE, throw by CF made to third
Batting: RHB Tyler LeGault 0-0: Fly out, F4 (Popup, 4D, EV 64.4 MPH)
Batting: RHB Brad Thompson 0-0: Called Strike
0-1: Ball
1-1: Ball
2-1: Ground out 4-3 (Groundball, 4S, EV 68.8 MPH)
Bottom of the 3rd over - 0 runs, 2 hits, 0 errors, 2 left on base; Buffalo 5 - Norfolk 1
TOP OF THE 4TH
Buffalo Bisons batting - Pitching for Norfolk Tides : LHP C.J. Allison
Batting: RHB Arturo Arce 0-0: Foul Ball, location: 2F
0-1: Ball
1-1: Called Strike
1-2: Strikes out swinging
Batting: LHB Abdul Hafeez Gichki 0-0: Called Strike
0-1: Foul Ball, location: 2F
0-2: Ball
1-2: Ball
2-2: Foul Ball, location: 2F
2-2: Ball
3-2: Base on Balls
Batting: RHB Mitch Ceballos 0-0: Called Strike
0-1: Ball
1-1: Fly out, F9 (Flyball, 9S, EV 85.6 MPH)
Batting: LHB Ben Allen 0-0: Called Strike
0-1: Called Strike
0-2: Foul Ball, location: 2F
0-2: Foul Ball, location: 2F
0-2: Ball
1-2: Ball
2-2: Ball
3-2: Fly out, F4 (Popup, 13, EV 78.1 MPH)
Top of the 4th over - 0 runs, 0 hits, 0 errors, 1 left on base; Buffalo 5 - Norfolk 1
BOTTOM OF THE 4TH
Norfolk Tides batting - Pitching for Buffalo Bisons : LHP Stephen Tomlin
Batting: LHB Pete Polk 0-0: Ball
1-0: Ground out 6-3 (Groundball, 6M, EV 79.4 MPH)
Batting: RHB Alex Montes 0-0: Ball
1-0: Ball
2-0: Ball
3-0: Called Strike
3-1: Base on Balls
Batting: SHB Elias Rangel 0-0: Ball
1-0: Foul Ball, location: 2F
1-1: Ball
2-1: Ball
3-1: Fielders Choice at 2nd, 1-6 (Groundball, 13S, EV 60.6 MPH)
Batting: LHB Eric Phillips 0-0: Foul Ball, location: 2F
0-1: Ball
1-1: Foul Ball, location: 2F
1-2: Foul Ball, location: 2F
1-2: Foul Ball, location: 2F
1-2: Foul Ball, location: 2F
1-2: Ball
2-2: Strikes out looking
Bottom of the 4th over - 0 runs, 0 hits, 0 errors, 1 left on base; Buffalo 5 - Norfolk 1
TOP OF THE 5TH
Buffalo Bisons batting - Pitching for Norfolk Tides : LHP C.J. Allison
Batting: SHB Justin Sears 0-0: Fly out, F4 (Popup, 4, EV 65.0 MPH)
Batting: LHB Don Dryden 0-0: Called Strike
0-1: Foul Ball, location: 2F
0-2: Ball
1-2: Foul Ball, location: 2F
1-2: Ball
2-2: Foul Ball, location: 2F
2-2: SOLO HOME RUN (Flyball, 89XD, EV 98.1 MPH), Distance : 409 ft
Batting: LHB Stefan Garland 0-0: Ball
1-0: Ground out U3 (Groundball, 3S, EV 71.9 MPH)
Batting: RHB Danny Alegria 0-0: Ground out 6-3 (Groundball, 6, EV 108.8 MPH)
Top of the 5th over - 1 run, 1 hit, 0 errors, 0 left on base; Buffalo 6 - Norfolk 1
BOTTOM OF THE 5TH
Norfolk Tides batting - Pitching for Buffalo Bisons : LHP Stephen Tomlin
Batting: RHB Fernando Cruz 0-0: Swinging Strike
0-1: Ground out 6-3 (Groundball, 6, EV 101.9 MPH)
Batting: LHB Nate Sadler 0-0: Ball
1-0: Foul Ball, location: 2F
1-1: Ball
2-1: Called Strike
2-2: Fly out, F8 (Line Drive, 8LD, EV 93.1 MPH)
Batting: RHB Jofet Granadeiro 0-0: Foul Ball, location: 2F
0-1: Swinging Strike
0-2: Ball
1-2: Foul Ball, location: 2F
1-2: Strikes out swinging
Bottom of the 5th over - 0 runs, 0 hits, 0 errors, 0 left on base; Buffalo 6 - Norfolk 1
TOP OF THE 6TH
Buffalo Bisons batting - Pitching for Norfolk Tides : LHP C.J. Allison
Pitching: RHP Chris Herrera
Batting: RHB Donald Neve 0-0: Ball
1-0: Ball
2-0: Foul Ball, location: 2F
2-1: Foul Ball, location: 2F
2-2: Ground out 4-3 (Groundball, 34, EV 104.4 MPH)
Batting: RHB Arturo Arce 0-0: Called Strike
0-1: Ball
1-1: Foul Ball, location: 2F
1-2: Ball
2-2: DOUBLE (Flyball, 8RD, EV 93.1 MPH)
Batting: LHB Abdul Hafeez Gichki 0-0: Ball
1-0: Ball
2-0: Foul Ball, location: 2F
2-1: Ball
3-1: Base on Balls
Batting: RHB Mitch Ceballos 0-0: Ball
1-0: Foul Ball, location: 2F
1-1: Foul Ball, location: 2F
1-2: Foul Ball, location: 2F
1-2: Foul Ball, location: 2F
1-2: Strikes out swinging
Batting: LHB Ben Allen 0-0: Ball
1-0: Ball
2-0: Called Strike
2-1: Called Strike
2-2: Fly out, F6 (Popup, 6MS, EV 68.1 MPH)
Top of the 6th over - 0 runs, 1 hit, 0 errors, 2 left on base; Buffalo 6 - Norfolk 1
BOTTOM OF THE 6TH
Norfolk Tides batting - Pitching for Buffalo Bisons : LHP Stephen Tomlin
Batting: RHB Tyler LeGault 0-0: Called Strike
0-1: Ball
1-1: Foul Ball, location: 2F
1-2: Ball
2-2: Ball
3-2: Ground out 6-3 (Groundball, 56, EV 89.4 MPH)
Pitching: RHP Chad Penegor
Batting: RHB Brad Thompson 0-0: Called Strike
0-1: Swinging Strike
0-2: Strikes out looking
Batting: LHB Pete Polk 0-0: Ball
1-0: Ball
2-0: Ball
3-0: Called Strike
3-1: Foul Ball, location: 2F
3-2: SINGLE (Groundball, 34D, EV 101.2 MPH)
Batting: RHB Alex Montes 0-0: Ball
Pete Polk is caught stealing 2nd base 2-4
Bottom of the 6th over - 0 runs, 1 hit, 0 errors, 0 left on base; Buffalo 6 - Norfolk 1
TOP OF THE 7TH
Buffalo Bisons batting - Pitching for Norfolk Tides : RHP Chris Herrera
Batting: SHB Justin Sears 0-0: SINGLE (Groundball, 6M, EV 97.5 MPH)
Batting: LHB Don Dryden 0-0: Called Strike
Justin Sears steals 2nd base
0-1: Foul Ball, location: 2F
0-2: Ball
1-2: Foul Ball, location: 2F
1-2: Strikes out swinging
Batting: LHB Stefan Garland 0-0: Called Strike
0-1: Ground out 1-3 (Groundball, 13S, EV 71.2 MPH)
Justin Sears to third
Batting: RHB Danny Alegria 0-0: Ball
1-0: Called Strike
1-1: Foul Ball, location: 2F
1-2: Ball
2-2: Foul Ball, location: 2F
2-2: Ball
3-2: Strikes out swinging
Top of the 7th over - 0 runs, 1 hit, 0 errors, 1 left on base; Buffalo 6 - Norfolk 1
BOTTOM OF THE 7TH
Norfolk Tides batting - Pitching for Buffalo Bisons : RHP Chad Penegor
Batting: RHB Alex Montes 0-0: SINGLE (Groundball, 34D, EV 111.2 MPH)
Batting: SHB Elias Rangel 0-0: Ball
1-0: Swinging Strike
1-1: Fly out, F9 (Line Drive, 9, EV 93.8 MPH)
Batting: LHB Eric Phillips 0-0: Swinging Strike
0-1: SINGLE (Groundball, 34D, EV 95.6 MPH)
Alex Montes to second
Alex Montes to third
Batting: RHB Fernando Cruz 0-0: Fly out, F8 (Line Drive, 8RD, EV 102.5 MPH)
Runner from 3rd tags up, SCORES, throw by CF
Batting: LHB Nate Sadler 0-0: Ground out U3 (Groundball, 3, EV 81.9 MPH)
Bottom of the 7th over - 1 run, 2 hits, 0 errors, 1 left on base; Buffalo 6 - Norfolk 2
TOP OF THE 8TH
Buffalo Bisons batting - Pitching for Norfolk Tides : RHP Chris Herrera
Batting: RHB Donald Neve 0-0: Ball
1-0: Swinging Strike
1-1: Swinging Strike
1-2: Ball
2-2: Ground out 4-3 (Groundball, 4, EV 98.8 MPH)
Batting: RHB Arturo Arce 0-0: Called Strike
0-1: Swinging Strike
0-2: DOUBLE (Line Drive, 5D, EV 95.0 MPH)
Pitching: RHP Nick Gonzales
Batting: LHB Abdul Hafeez Gichki 0-0: Fly out, F8 (Flyball, 8RS, EV 82.5 MPH)
Batting: RHB Mitch Ceballos 0-0: Swinging Strike
0-1: SINGLE (Groundball, 13, EV 85.6 MPH) (infield hit)
Arturo Arce to third
Batting: LHB Ben Allen 0-0: Ball
1-0: Ball
2-0: Foul Ball, location: 2F
2-1: Swinging Strike
2-2: Ball
3-2: Base on Balls
Mitch Ceballos to second
Batting: SHB Justin Sears 0-0: Ball
1-0: Fly out, F4 (Flyball, 4MD, EV 80.0 MPH)
Top of the 8th over - 0 runs, 2 hits, 0 errors, 3 left on base; Buffalo 6 - Norfolk 2
BOTTOM OF THE 8TH
Norfolk Tides batting - Pitching for Buffalo Bisons : RHP Chad Penegor
Batting: RHB Jofet Granadeiro 0-0: Called Strike
0-1: Ball
1-1: Ball
2-1: Ball
3-1: Base on Balls
Batting: RHB Tyler LeGault 0-0: Called Strike
0-1: Grounds into double play, 4-6-3 (Groundball, 4, EV 83.8 MPH)
Batting: RHB Brad Thompson 0-0: DOUBLE (Flyball, 8RXD, EV 91.9 MPH)
Batting: LHB Pete Polk 0-0: Ball
1-0: Ball
2-0: Called Strike
2-1: Foul Ball, location: 2F
2-2: Foul Ball, location: 2F
2-2: Ground out 4-3 (Groundball, 4, EV 97.5 MPH)
Bottom of the 8th over - 0 runs, 1 hit, 0 errors, 1 left on base; Buffalo 6 - Norfolk 2
TOP OF THE 9TH
Buffalo Bisons batting - Pitching for Norfolk Tides : RHP Nick Gonzales
Batting: LHB Don Dryden 0-0: Called Strike
0-1: Ball
1-1: SINGLE (Flyball, 4D, EV 96.9 MPH) - OUT at second base trying to stretch hit.
Batting: LHB Stefan Garland 0-0: Called Strike
0-1: Ball
1-1: SINGLE (Groundball, 34D, EV 100.6 MPH)
Batting: RHB Danny Alegria 0-0: Called Strike
0-1: Called Strike
0-2: Ball
1-2: Strikes out looking
Batting: RHB Donald Neve 0-0: Ball
1-0: SINGLE (Flyball, 6D, EV 85.0 MPH)
Stefan Garland to second
Batting: RHB Arturo Arce 0-0: Ball
1-0: Foul Ball, location: 2F
1-1: Ball
2-1: Ball
3-1: Foul Ball, location: 2F
3-2: Strikes out swinging
Top of the 9th over - 0 runs, 3 hits, 0 errors, 2 left on base; Buffalo 6 - Norfolk 2
BOTTOM OF THE 9TH
Norfolk Tides batting - Pitching for Buffalo Bisons : RHP Chad Penegor
Batting: RHB Alex Montes 0-0: Called Strike
0-1: Ball
1-1: Foul Ball, location: 2F
1-2: Hit by Pitch
Batting: SHB Elias Rangel 0-0: Fielders Choice at 2nd, 5-4 (Groundball, 56S, EV 91.9 MPH)
Batting: LHB Eric Phillips 0-0: SINGLE (Line Drive, 89M, EV 87.5 MPH)
Elias Rangel to second
Batting: RHB Fernando Cruz 0-0: Called Strike
0-1: Ball
1-1: Called Strike
1-2: Ball
2-2: Ground out 6-3 (Groundball, 6MS, EV 75.6 MPH)
Elias Rangel to third
Eric Phillips to second
Batting: LHB Nate Sadler 0-0: Swinging Strike
0-1: Ball
1-1: Ball
2-1: Swinging Strike
2-2: Foul Ball, location: 2F
2-2: Foul Ball, location: 2F
2-2: Ground out 4-3 (Groundball, 4, EV 97.5 MPH)
Bottom of the 9th over - 0 runs, 1 hit, 0 errors, 2 left on base; Buffalo 6 - Norfolk 2
Sunday, June 20th , 2021 - OOTP Baseball 22.6 Build 56